 Dungeon Crawl Stone Soup version 0.21.0-30-g47ce8e4 (webtiles) character file.

265 Mirai the Chopper (level 5, -5/47 HPs)
             Began as a Minotaur Berserker on Jan 28, 2018.
             Was a Believer of Trog.
             Slain by Mimshu's ghost (8 damage)
             ... on level 4 of the Dungeon.
             The game lasted 00:10:49 (2501 turns).

Mirai the Chopper (Minotaur Berserker)              Turns: 2501, Time: 00:10:50

Health: -5/47      AC:  7    Str: 23    XL:     5   Next: 99%
Magic:  4/4        EV:  6    Int:  4    God:    Trog [**....]
Gold:   120        SH: 13    Dex:  9    Spells: 4/4 levels left

rFire    . . .     SeeInvis .   u - +1 war axe
rCold    . . .     Gourm    .   s - +0 large shield
rNeg     . . .     Faith    .   i - +0 scale mail
rPois    .         Spirit   .   (helmet restricted)
rElec    .         Reflect  .   (no cloak)
rCorr    .         Harm     .   (no gloves)
MR       ++...                  (no boots)
Stlth    ..........             (no amulet)
HPRegen  1.15/turn              k - ring of loudness (curse)
MPRegen  0.09/turn              y - ring of flight

@: berserk cooldown, regenerating, slowed, very slow
A: retaliatory headbutt, horns 2
a: Berserk, Trog's Hand, Burn Spellbooks, Renounce Religion, Evoke Flight


You were on level 4 of the Dungeon.
You worshipped Trog.
Trog was pleased with you.
You were very hungry.

You visited 1 branch of the dungeon, and saw 4 of its levels.

You collected 120 gold pieces.

Inventory:

Hand Weapons
 a - a +0 hand axe
 d - a +0 dagger
 f - a +0 dagger
 h - a +0 dagger
 j - a +0 dagger
 o - a +0 dagger
 p - a +0 dagger
 r - a +0 whip
 u - a +1 war axe (weapon)
 v - a +0 hand axe
 x - a +0 flail
 z - a +0 dagger
 D - a +0 morningstar
 F - a +0 short sword
 G - a +0 war axe
 I - a +0 hand axe
 M - a +0 dagger
 N - a +0 dagger
 Q - a +0 dagger
Missiles
 e - 172 stones (quivered)
 n - 67 arrows
Armour
 b - a +0 leather armour
 i - a +0 scale mail (worn)
 s - a +0 large shield (worn)
 t - a +0 leather armour
 E - a +0 scale mail
 H - a +0 ring mail
 J - a +0 ring mail
 K - a +0 robe
 O - a +0 animal skin
 P - a cursed +0 helmet
Jewellery
 k - a cursed ring of loudness (left hand)
 y - a ring of flight (right hand)
 A - a +4 ring of protection {unknown}
 C - a cursed ring of teleportation {unknown}
 S - an uncursed ring of resist corrosion {unknown}
Scrolls
 m - 3 scrolls of identify
 q - 2 scrolls of magic mapping {unknown}
 B - a scroll of fog {unknown}
 R - a scroll of enchant weapon
Potions
 g - a potion of invisibility
 l - a potion of resistance {unknown}
 w - a potion of agility {unknown}
Comestibles
 c - 6 rations
 L - 13 chunks of flesh


   Skills:
 + Level 4.6 Fighting
 + Level 5.6 Axes
 + Level 3.9 Armour
 + Level 2.9 Dodging
 + Level 0.3 Stealth
 * Level 2.7 Shields


You had 4 spell levels left.
You didn't know any spells.

Dungeon Overview and Level Annotations

Branches:
Dungeon (4/15)
 Temple: D:4-7

Altars:
Kikubaaqudgha
Zin

Annotations:
D:4 Mimshu's ghost, novice GrBe


Innate Abilities, Weirdness & Mutations

You reflexively headbutt those who attack you in melee.
You have a pair of horns on your head.


Message History

Your skin crawls.
You feel resistant to hostile enchantments.
You feel somewhat more hungry. Mimshu's ghost closely misses you.
You furiously retaliate!
You headbutt Mimshu's ghost!
You're still recovering from your berserk rage.
You hit Mimshu's ghost but do no damage.
Your headbutt misses Mimshu's ghost.
Mimshu's ghost is severely damaged.
Mimshu's ghost hits you!
* * * LOW HITPOINT WARNING * * *
You block Mimshu's ghost's attack.
You hit Mimshu's ghost.
You headbutt Mimshu's ghost, but do no damage.
Mimshu's ghost is severely damaged.
Mimshu's ghost crushes a nearby insect and laughs.
Mimshu's ghost hits you!
* * * LOW HITPOINT WARNING * * *
You block Mimshu's ghost's attack. Mimshu's ghost hits you!
You die...

....###.......###### ....#
....# ##...........# ....#
....# #########%...# ..#
....###..###..##...# ...#
....##.#..#..#.#...##....#
###.#_#..#..#............#
.##..#..#..##...####..#
.##...#...##...#
#########.@..# .......W..#
..........# ..........#
..........# ..........#
..........# ..........#
....?.....#


You could see Mimshu's ghost.

Vanquished Creatures
  A scorpion (D:4)
  2 vampire bats (D:2)
  Robin (D:4)
  6 adders
  2 leopard geckos
  8 orcs (D:3)
  A bat skeleton (D:2)
  4 bat zombies (D:2)
  2 giant cockroaches
  12 goblins
  8 hobgoblins
  2 jackals (D:3)
  A quokka (D:3)
  A bat (D:2)
  A frilled lizard (D:3)
  4 kobolds
  4 rats
60 creatures vanquished.

Notes
Turn   | Place    | Note
-------+----------+-------------------------------------------
     0 | D:1      | Mirai the Minotaur Berserker began the quest for the Orb.
     0 | D:1      | Reached XP level 1. HP: 19/19 MP: 0/0
   467 | D:1      | Reached XP level 2. HP: 27/27 MP: 1/1
   718 | D:1      | Reached skill level 4 in Axes
  1057 | D:2      | Reached XP level 3. HP: 33/33 MP: 2/2
  1222 | D:2      | Reached ** piety under Trog
  1362 | D:2      | Reached XP level 4. HP: 39/41 MP: 3/3
  1365 | D:2      | Found an ancient bone altar of Kikubaaqudgha.
  1366 | D:2      | Reached skill level 1 in Shields
  1383 | D:2      | Reached skill level 5 in Axes
  1383 | D:2      | Reached XP level 5. HP: 42/47 MP: 4/4
  2316 | D:4      | Noticed Robin
  2337 | D:4      | Killed Robin
  2466 | D:4      | Found a glowing silver altar of Zin.
  2479 | D:4      | Noticed Mimshu's ghost (novice GrBe)
  2500 | D:4      | HP: 1/47 [Mimshu's ghost (10)]
  2501 | D:4      | Slain by Mimshu's ghost

Skill      XL: |  1  2  3  4  5 |
---------------+----------------+-----
Axes           | 4 5 |  5.6
Fighting       | 4 |  4.6
Armour         | 3 |  3.9
Shields        | 1 2 |  2.7
Dodging        | |  2.9
Stealth        | |  0.3

Action                   |  1- 3 |  4- 6 || total
-------------------------+-------+-------++-------
Melee: Hand axe          |    20 |       ||    20
       Headbutt          |     3 |    19 ||    22
       War axe           |    30 |    83 ||   113
Invok: Berserk           |       |     2 ||     2
       Trog's Hand       |       |     1 ||     1
  Use: Scroll            |     7 |       ||     7
  Eat: Chunk             |     1 |     5 ||     6
Armor: Scale mail        |    25 |    25 ||    50
Dodge: Dodged            |    29 |    17 ||    46
Block: Large shield      |    16 |    67 ||    83
